 Dungeon Crawl Stone Soup version 0.29.1-2-gbd0b4ee654 (webtiles) character file.

Game seed: 3773681924361122785

29 fireball365 the Trooper (level 3, -1/33 HPs)
             Began as a Hill Orc Fighter on Oct 27, 2022.
             Was a Believer of Nemelex Xobeh.
             Succumbed to a scorpion's poison
             ... on level 4 of the Dungeon.
             The game lasted 00:04:03 (1046 turns).

fireball365 the Trooper (Hill Orc Fighter)          Turns: 1046, Time: 00:04:04

Health: -1/33      AC:  7    Str: 18 (20) XL:     3   Next: 16%
Magic:  3/3        EV:  9    Int:  5 (8)  God:    Nemelex Xobeh [**....]
Gold:   33         SH:  4    Dex:  8 (10) Spells: 2/2 levels left

rFire   . . .      SeeInvis .   a - +0 war axe
rCold   . . .      Faith    .   c - +0 buckler
rNeg    . . .      Spirit   .   b - +0 scale mail
rPois   .          Reflect  .   (no helmet)
rElec   .          Harm     .   (no cloak)
rCorr   .          Rampage  .   (no gloves)
Will    .....                   (no boots)
Stlth   ..........              (no amulet)
HPRegen 0.11/turn               (no ring)
MPRegen 0.08/turn               (no ring)

@: lethally poisoned (-1 -> -13), flying
A: no striking features
a: Renounce Religion, Draw Escape, Draw Destruction, Draw Summoning


You were on level 4 of the Dungeon.
You worshipped Nemelex Xobeh.
Nemelex Xobeh was pleased with you.
You visited 1 branch of the dungeon, and saw 3 of its levels.

You collected 33 gold pieces.

Inventory:

Hand Weapons
 a - a +0 war axe (weapon)
Armour
 b - a +0 scale mail (worn)
 c - a +0 buckler (worn)
Jewellery
 m - a ring of flight
Scrolls
 f - a scroll of brand weapon {unknown}
 h - a scroll of enchant weapon {unknown}
 i - a scroll of identify {unknown}
 l - a scroll of enchant armour {unknown}
 n - a scroll of fear {unknown}
Potions
 d - a potion of might
 e - a potion of flight
 g - 2 potions of degeneration
 j - 2 potions of brilliance {unknown}
 k - a potion of invisibility {unknown}


   Skills:
 - Level 3.8 Fighting
 * Level 3.7 Axes
 + Level 3.7 Armour
 - Level 3.4 Shields


You had 2 spell levels left.
You didn't know any spells.
Your spell library was empty.

Dungeon Overview and Level Annotations

Branches:
Dungeon (2/15)

Altars:
Nemelex Xobeh


Message History

The scorpion poisons you! The scorpion barely misses you.
You slash the scorpion!
The scorpion is heavily wounded.
You feel very sick. The scorpion stings you.
You hit the scorpion.
The scorpion is severely wounded.
You feel sick. The scorpion barely misses you. The scorpion stings you.
You closely miss the scorpion.
The scorpion is severely wounded.
You feel sick.
The scorpion stings you but does no damage.
You closely miss the scorpion.
The scorpion is severely wounded.
You feel sick. The scorpion stings you. The scorpion closely misses you.
You closely miss the scorpion.
The scorpion is severely wounded.
You feel sick.
You are no longer poisoned.
The scorpion stings you.
You are poisoned.
The scorpion poisons you! The scorpion stings you.
You are lethally poisoned!
The scorpion poisons you!
You hit the scorpion.
The scorpion is severely wounded.
* * * LOW HITPOINT WARNING * * *
You feel extremely sick. The scorpion closely misses you. x2
It was a potion of degeneration.
There was something very wrong with that liquid.
You feel weakened.
You feel dopey.
You feel clumsy.
* * * LOW HITPOINT WARNING * * *
You feel very sick. The scorpion closely misses you.
It was a potion of flight.
You feel very buoyant.
You fly up into the air.
You die...
Your body glows slightly and disappears.

#..## # #..# #.
#..### .#..
##...#
....####.#.##
......#.#..####
#..>...........
#..##s#.##..###
#....@..# .#
#........## .#
####[....#
#/#.#..
#.#....# .
...... #
<#^###.: ..#.
#.#


You could see a scorpion.

Vanquished Creatures
  2 dart slugs (D:1)
  4 ball pythons (D:1)
  2 endoplasms (D:1)
  A giant cockroach (D:1)
  A hobgoblin (D:1)
  6 jackals (D:1)
  A bat (D:1)
  4 goblins (D:1)
  A rat (D:1)
22 creatures vanquished.

Notes
Turn   | Place    | Note
-------+----------+-------------------------------------------
     0 | D:1      | fireball365 the Hill Orc Fighter began the quest for the
                  | Orb.
     0 | D:1      | Reached XP level 1. HP: 19/19 MP: 1/1
   198 | D:1      | Found a faded altar of an unknown god.
   212 | D:1      | Prayed at the altar of an unknown god.
   212 | D:1      | Became a worshipper of Nemelex Xobeh the Trickster
   212 | D:1      | Reached * piety under Nemelex Xobeh
   229 | D:1      | Received a gift from Nemelex Xobeh
   245 | D:1      | Reached XP level 2. HP: 18/27 MP: 2/2
   470 | D:1      | Reached XP level 3. HP: 23/33 MP: 3/3
   990 | D:2      | You fall into a shaft and drop 2 floors!
  1003 | D:4      | Reached ** piety under Nemelex Xobeh
  1034 | D:4      | Noticed a scorpion
  1046 | D:4      | Succumbed to a scorpion's poison

Illustrated notes

Levels and vault maps discovered:
D:1:      minmay_arrival_open_corners, layout_basic,
          chequers_ecumenical_altar_simple, nrook_mini_backslash,
          minmay_curled_crystal
D:2:      kennysheep_six_static_rooms, layout_basic, minmay_tromino_v4_c
D:4:      layout_rooms, grunt_qazlal_sundering

Skill      XL: |  1  2 |
---------------+-------+-----
Axes           | 3 |  3.7
Fighting       | |  3.8
Armour         | |  3.7
Shields        | |  3.4

Action                   || total
-------------------------++-------
Melee: War axe           ||    50
  Use: Potion            ||     2
Armor: Scale mail        ||    24
Dodge: Dodged            ||    39
Block: Buckler           ||    13
